 Dungeon Crawl Stone Soup version 0.21-a0-584-g185da8e (webtiles) character file.

131 vishdafish the Charmwright (level 4, -3/33 HPs)
             Began as a Demonspawn Skald on Dec 20, 2017.
             Slain by a gnoll (7 damage)
             ... on level 3 of the Dungeon.
             The game lasted 00:03:44 (3126 turns).

vishdafish the Charmwright (Demonspawn Skald)       Turns: 3126, Time: 00:03:45

Health: -3/33      AC:  3    Str: 11    XL:     4   Next: 91%
Magic:  2/7        EV: 13    Int: 16    God:
Gold:   174        SH:  0    Dex: 16    Spells: 6/7 levels left

rFire    . . .     SeeInvis .   a - +0 spear
rCold    . . .     Gourm    .   (no shield)
rNeg     . . .     Faith    .   f - +0 leather armour (curse)
rPois    .         Spirit   .   (no helmet)
rElec    .         Reflect  .   (no cloak)
rCorr    .         Harm     .   (no gloves)
MR       .....                  (no boots)
Stlth    +.........             (no amulet)
HPRegen  0.11/turn              k - +4 ring of dexterity
MPRegen  0.10/turn              (no ring)

@: infused
A: claws 2
a: no special abilities


You were on level 3 of the Dungeon.
You were very hungry.

You visited 1 branch of the dungeon, and saw 4 of its levels.

You collected 174 gold pieces.

Inventory:

Hand Weapons
 a - a +0 spear (weapon)
Armour
 b - a +0 leather armour
 f - a cursed +0 leather armour (worn)
 h - a +0 robe
Jewellery
 i - an uncursed ring of fire
 k - a +4 ring of dexterity (left claw)
Scrolls
 e - 2 scrolls of immolation
 g - 2 scrolls of fear
 m - 2 scrolls of teleportation {unknown}
 o - 2 scrolls of enchant armour {unknown}
 q - a scroll of fog {unknown}
Potions
 j - a potion of lignification {unknown}
 l - 2 potions of agility
 n - 3 potions of curing
 p - a potion of invisibility {unknown}
Books
 c - a book of Battle

   Spells                             Type                      Level
   a - Infusion                       Charms                       1
   b - Shroud of Golubria             Charms/Translocation         2
   c - Song of Slaying                Charms                       2
   d - Spectral Weapon                Hexes/Charms                 3
   e - Regeneration                   Charms/Necromancy            3
Comestibles
 d - 6 rations


   Skills:
 - Level 2.0 Fighting
 * Level 3.2 Polearms
 + Level 2.0 Armour
 + Level 2.6 Dodging
 - Level 2.0 Spellcasting
 + Level 3.3 Charms


You had 6 spell levels left.
You knew the following spells:

 Your Spells              Type           Power        Failure   Level  Hunger
a - Infusion              Chrm           ##..         7%          1    #......


Dungeon Overview and Level Annotations

Branches:
Dungeon (4/15)
 Temple: D:4-7

Altars:
Gozag
Wu Jian


Innate Abilities, Weirdness & Mutations

You have very sharp fingernails.


Message History

You begin infusing your attacks with magical energy.
The gnoll closely misses you.
You closely miss the gnoll. You hit the gnoll!
The gnoll is heavily wounded.
The gnoll hits you with a flail!
You barely miss the gnoll.
The gnoll is heavily wounded.
The gnoll closely misses you.
You hit the gnoll.
The gnoll is almost dead.
The gnoll hits you with a flail!
* * * LOW HITPOINT WARNING * * *
You hit the gnoll.
You kill the gnoll!
The gnoll hits you but does no damage.
You hit the gnoll.
The gnoll is moderately wounded.
The gnoll hits you!
You die...

.##...##...# #.##.#.#
####### #######...##
#....#.# ##.##.....#
#.####.# ..........#
#.####.#
..#.#.....####......#
##.##.............###
########.####.##.#
#.####.##.# #####
#.##...g@.# ....#
#.##)#.#### ###.#
#.#)...#
###.#####...>..#
.............#.#
###.######.###.#
###.# ##...## ....#
##### #####


You could see a gnoll.

Vanquished Creatures
  5 adders
  2 gnolls (D:3)
  An ooze (D:1)
  A worm (D:2)
  A dart slug (D:1)
  3 leopard geckos
  2 orcs (D:3)
  13 giant cockroaches
  12 goblins
  2 hobgoblins
  4 bats
  A frilled lizard (D:2)
  A kobold (D:1)
  4 rats
52 creatures vanquished.

Notes
Turn   | Place    | Note
-------+----------+-------------------------------------------
     0 | D:1      | vishdafish the Demonspawn Skald began the quest for the Orb.
     0 | D:1      | Reached XP level 1. HP: 16/16 MP: 3/3
    53 | D:1      | Reached skill level 1 in Armour
    85 | D:1      | Gained mutation: You have sharp fingernails. [demonic ancestry]
    85 | D:1      | Reached XP level 2. HP: 22/22 MP: 5/5
  1086 | D:2      | Reached XP level 3. HP: 27/27 MP: 6/6
  1562 | D:2      | Gained mutation: You have very sharp fingernails. [demonic ancestry]
  1562 | D:2      | Reached XP level 4. HP: 22/33 MP: 2/7
  2433 | D:3      | Found an ornate altar of the Wu Jian Council.
  2718 | D:3      | Found an opulent altar of Gozag.
  3126 | D:3      | Slain by a gnoll

Vault maps used:
D:1:      eino_arrival_water_cross, minmay_misc_feat_tiny
D:2:      minmay_roachtagon, bh_chokoban
D:3:      lemuel_round_altar, nicolae_gozag_cash_rules_everything_around_me,
          first_ration
D:4:      minitemple, serial_shops, shop

Skill      XL: |  1  2  3  4 |
---------------+-------------+-----
Armour         | 1 2 |  2.0
Polearms       | 2 3 |  3.2
Dodging        | 2 |  2.6
Charms         | 3 |  3.3
Fighting       | |  2.0
Spellcasting   | |  2.0

Action                   |  1- 3 |  4- 6 || total
-------------------------+-------+-------++-------
Melee: Spear             |   110 |   106 ||   216
 Cast: Infusion          |     4 |     3 ||     7
  Use: Scroll            |     1 |     3 ||     4
 Stab: Sleeping          |     2 |       ||     2
  Eat: Chunk             |     1 |     5 ||     6
Armor: Leather armour    |    29 |    23 ||    52
Dodge: Dodged            |    73 |    46 ||   119

Table legend:
 A = Spawn XP
 B = Non-spawn XP
 C = Spawn XP percentage of total XP
 D = Spawn monster count
 E = Non-spawn monster count
 F = Spawn count percentage of total count
 G = Total turns spent on level
                    A         B        C        D         E        F      G
               +---------+---------+-------+---------+---------+-------+---------
         Total |       0 |     188 |   0.0 |       0 |      52 |   0.0 |  3126
               +---------+---------+-------+---------+---------+-------+---------
           D:1 |       0 |      39 |   0.0 |       0 |      17 |   0.0 |  1082
           D:2 |       0 |      94 |   0.0 |       0 |      25 |   0.0 |  1203
           D:3 |       0 |      55 |   0.0 |       0 |      10 |   0.0 |   773
               +---------+---------+-------+---------+---------+-------+---------
